 Dungeon Sprint DCSS version 0.30-a0-1161-g0704695555 (webtiles) character file.

Game seed: 12346957561341908417

13077 fozzywoppz the Unseen (level 11, -12/70 HPs)
             Began as a Spriggan Berserker on Apr 28, 2023.
             Was a High Priest of Trog.
             Engulfed by a cloud of freezing vapour (14 damage)
             ... in the Dungeon (Sprint III: "The Ten Rune Challenge").
             The game lasted 00:17:50 (1567 turns).

fozzywoppz the Unseen (Spriggan Berserker)          Turns: 1567, Time: 00:17:50

Health: -12/70     AC:  7    Str: 16    XL:     11   Next: 70%
Magic:  12/12      EV: 36    Int:  6    God:    Trog [*****.]
Gold:   23         SH:  0    Dex: 23    Spells: 10/10 levels left

rFire   . . .        a - +2 rapier (flame)
rCold   . . .        (no shield)
rNeg    . . .        k - +2 robe {Will+}
rPois   .            (helmet restricted)
rElec   .            b - +2 cloak {rCorr}
rCorr   +            (gloves unavailable)
SInv    +            (boots unavailable)
Will    ++++.        (no amulet)
Stlth   ++++++++     (no ring)
HPRegen 1.31/turn    (no ring)
MPRegen 0.13/turn

%: no teleportation
@: strong-willed, regenerating, very quick
A: very small, no large weapons, unfitting armour, see invisible, speed 3, agile
1, strong 1
a: Renounce Religion, Berserk, Trog's Hand, Brothers in Arms


You were in the Dungeon.
You worshipped Trog.
Trog was extremely pleased with you.
You visited 1 branch You collected 23 gold pieces.

Inventory:

Hand Weapons
 a - a +2 rapier of flaming (weapon)
 j - a +0 heavy rapier
 m - a +6 quick blade
 u - a +6 antimagic short sword
Missiles
 o - 6 curare-tipped darts (quivered)
Armour
 b - a +2 cloak of preservation (worn)
 k - a +2 robe of willpower (worn)
Wands
 d - a wand of flame (1)
 l - a wand of quicksilver (6)
Potions
 f - 2 potions of magic
 g - 2 potions of berserk rage
 i - 2 potions of attraction
 q - a potion of degeneration {unknown}
 r - 4 potions of mutation
 s - a potion of might


   Skills:
 + Level 14.5 Fighting
 - Level 14.0 Short Blades
 + Level 8.7 Throwing
 + Level 18.5 Dodging
 + Level 19.7 Stealth
 - Level 5.0 Evocations


You had 10 spell levels left.
You didn't know any spells.
Your spell library was empty.

Dungeon Overview and Level Annotations

Branches:
Dungeon (1/1)

Altars:
Dithmenos
Elyvilon
Fedhas
Kikubaaqudgha
Okawaru
Ru
Sif Muna
Trog
Uskayaw
Vehumet
Wu Jian
Yredelemnul
Zin
The Shining One


Innate Abilities, Weirdness & Mutations

You are very small and have problems with some larger weapons.
You are too small for most types of armour.
You have supernaturally acute eyesight. (SInv)
You cover ground extremely quickly. (Speed+++)
You are agile. (Dex +4, Str/Int -1)
Your muscles are strong. (Str +4, Int/Dex -1)


Message History

g - Guard the area. f - Follow me.
Anything else - Cancel.
Gang up on whom?
Press: ? - help, Dir - move target, f - spriggan
Aim: a spriggan, quivering atropa-tipped darts (ally target) Attack!
Your ogre hits the spriggan with a +0 giant club!!!
The spriggan dies!
Trog accepts your kill.
You hear a splash.
Really walk into a travel-excluded area?
There is an open door here.
Your ogre is engulfed in freezing vapours.
You swap places.
Really walk into a travel-excluded area?
There is an open door here.
Really walk into that cloud of freezing vapour?
You are engulfed in freezing vapours.
You are engulfed in freezing vapours.
Unknown command.
Okay, then.
You are engulfed in freezing vapours.
Your ogre is engulfed in freezing vapours.
Unknown command.
Unknown command.
You are engulfed in freezing vapours.
* * * LOW HITPOINT WARNING * * *
Your ogre is engulfed in freezing vapours.
Unknown command.
Okay, then.
Your skin crawls.
You feel strong-willed.
You are engulfed in freezing vapours.
* * * LOW HITPOINT WARNING * * *
Your ogre is engulfed in freezing vapours.
Your ogre rages.
Your ogre is engulfed in freezing vapours.
Your ogre rages.
You are engulfed in freezing vapours.
You die...

♣♣~~~........~~~...#^†.^..^#
♣'♣≈≈≈≈≈≈≈≈≈≈≈≈♣♣..'.†.^.^.#
~♣♣♣♣♣♣♣♣♣♣♣♣♣♣♣♣PP#^).)...#
.♣♣ ♣♣♣##'########
#'♣♣♣♣♣♣♣♣♣♣♣♣♣♣♣ #...')§§≈≈#
♣.##..##~~~~~≈..# #..)#)≈≈≈≈#
.##.##.#~~~(○...# #...#.#§§≈#
##.##.##'(~~≈°####+#####.#c§≈≈#
.#.##.).#~÷...O○@○°#..)..#
#≈≈≈≈
.##.##.)#≈..'#######.....# c≈§≈
.##.#####...#......#.....# #§§
..†.##.†....#♣♣♣._.#.....# c§
######+###### #####+#####


You could see a friendly ogre (summoned, berserk).

Vanquished Creatures
  Sigmund (D)
  2 hydras (D)
  Erolcha (D)
  Urug (D)
  A deep elf pyromancer (D)
  A lindwurm (D)
  Edmund (D)
  A cane toad (D)
  A komodo dragon (D)
  A rime drake (D)
  2 tyrant leeches (D)
  An orc high priest (D)
  5 blink frogs (D)
  A shadow (D)
  5 redbacks (D)
  A swamp drake (D)
  5 two-headed ogres (D)
  A necrophage (D)
  A water elemental (D)
  A killer bee (D)
  An electric eel (D)
  A jelly (D)
  Crazy Yiuf (D)
  3 orc priests (D)
  Jessica (D)
  A wizard (D)
  A necromancer (D)
  3 humans (D)
  A kobold demonologist (D)
  3 rats (D)
50 creatures vanquished.

Vanquished Creatures (collateral kills)
  A dire elephant (D)
  A death drake (D)
  A spriggan druid (D)
  A cane toad (D)
  3 wandering mushrooms (D)
  2 spriggans (D)
9 creatures vanquished.

Vanquished Creatures (others)
  11 plants (D)
11 creatures vanquished.

Grand Total: 70 creatures vanquished

Notes
Turn   | Place    | Note
-------+----------+-------------------------------------------
     0 | D        | fozzywoppz the Spriggan Berserker began the quest for the
                  | Orb.
     0 | D        | Reached XP level 1. HP: 11/11 MP: 2/2
    11 | D        | Noticed Jessica
    21 | D        | Reached ** piety under Trog
    28 | D        | Killed Jessica
    29 | D        | Reached skill level 5 in Short Blades
    29 | D        | Reached XP level 2. HP: 17/17 MP: 3/3
    59 | D        | Noticed Crazy Yiuf
    70 | D        | Killed Crazy Yiuf
    71 | D        | Reached XP level 3. HP: 12/21 MP: 4/4
   103 | D        | Reached *** piety under Trog
   104 | D        | Reached XP level 4. HP: 13/26 MP: 5/5
   235 | D        | Noticed a water elemental
   261 | D        | Killed a water elemental
   262 | D        | Reached skill level 5 in Fighting
   262 | D        | Reached skill level 3 in Stealth
   262 | D        | Reached XP level 5. HP: 15/30 MP: 6/6
   329 | D        | Gained mutation: Your muscles are strong. (Str +4, Int/Dex
                  | -1) [potion of mutation]
   329 | D        | Gained mutation: You are agile. (Dex +4, Str/Int -1)
                  | [potion of mutation]
   333 | D        | Found a radiant altar of Vehumet.
   334 | D        | Found a shimmering blue altar of Sif Muna.
   334 | D        | Found an ancient bone altar of Kikubaaqudgha.
   341 | D        | Noticed a smoke demon
   344 | D        | Reached skill level 4 in Stealth
   350 | D        | Reached **** piety under Trog
   406 | D        | Found a glowing silver altar of Zin.
   406 | D        | Found a glowing golden altar of the Shining One.
   406 | D        | Found a white marble altar of Elyvilon.
   407 | D        | Noticed a deep elf pyromancer
   414 | D        | Killed a deep elf pyromancer
   415 | D        | Reached skill level 10 in Stealth
   415 | D        | Reached XP level 6. HP: 35/38 MP: 7/7
   415 | D        | Reached XP level 7. HP: 39/42 MP: 8/8
   422 | D        | Found a hide-covered altar of Uskayaw.
   422 | D        | Found an iron altar of Okawaru.
   422 | D        | Found a bloodstained altar of Trog.
   422 | D        | Found an ornate altar of the Wu Jian Council.
   422 | D        | Noticed a human
   422 | D        | Noticed a human
   425 | D        | Killed a human
   426 | D        | Killed a human
   427 | D        | Reached skill level 10 in Short Blades
   427 | D        | Reached skill level 11 in Stealth
   441 | D        | Found a basalt altar of Yredelemnul.
   441 | D        | Found a shadowy altar of Dithmenos.
   441 | D        | Found a sacrificial altar of Ru.
   444 | D        | Reached ***** piety under Trog
   567 | D        | Noticed a shadow
   569 | D        | Killed a shadow
   570 | D        | Reached skill level 12 in Stealth
   570 | D        | Reached XP level 8. HP: 47/47 MP: 9/9
   646 | D        | Received a gift from Trog
   710 | D        | Noticed a two-headed ogre
   713 | D        | Killed a two-headed ogre
   714 | D        | Reached skill level 13 in Stealth
   714 | D        | Reached skill level 5 in Evocations
   718 | D        | Noticed a two-headed ogre
   718 | D        | Noticed Erolcha
   720 | D        | Killed Erolcha
   721 | D        | Reached skill level 14 in Stealth
   721 | D        | Reached XP level 9. HP: 53/53 MP: 10/10
   721 | D        | Killed a two-headed ogre
   722 | D        | Reached skill level 15 in Dodging
   722 | D        | Reached skill level 15 in Stealth
   749 | D        | Received a gift from Trog
   750 | D        | Reached skill level 10 in Fighting
   757 | D        | Noticed a wandering mushroom
   761 | D        | Noticed Sigmund
   761 | D        | Noticed Edmund
   781 | D        | Killed Sigmund
   782 | D        | Reached XP level 10. HP: 30/63 MP: 11/11
   788 | D        | Killed Edmund
   803 | D        | Reached skill level 1 in Throwing
   821 | D        | Noticed a cane toad
   821 | D        | Noticed a cane toad
   823 | D        | Killed a cane toad
   824 | D        | Reached skill level 16 in Stealth
   881 | D        | Killed a cane toad
   881 | D        | Received a gift from Trog
   942 | D        | Noticed a yaktaur captain
  1098 | D        | Reached skill level 5 in Throwing
  1098 | D        | Reached skill level 17 in Stealth
  1101 | D        | Reached XP level 11. HP: 31/68 MP: 4/12
  1105 | D        | Reached ****** piety under Trog
  1110 | D        | Received a gift from Trog
  1266 | D        | Noticed a lindwurm
  1269 | D        | Killed a lindwurm
  1281 | D        | Reached skill level 18 in Stealth
  1281 | D        | Noticed Urug
  1283 | D        | Killed Urug
  1283 | D        | Received a gift from Trog
  1289 | D        | Noticed a four-headed hydra
  1289 | D        | Noticed a six-headed hydra
  1341 | D        | Killed a six-headed hydra
  1345 | D        | Killed a four-headed hydra
  1354 | D        | Noticed a death drake
  1363 | D        | Killed a death drake
  1364 | D        | Reached skill level 19 in Stealth
  1367 | D        | Found a blossoming altar of Fedhas.
  1367 | D        | Noticed a spriggan druid
  1399 | D        | Noticed a dire elephant
  1413 | D        | Killed a dire elephant
  1544 | D        | Killed a spriggan druid
  1566 | D        | HP: 1/70 [something (13)]
  1567 | D        | Engulfed by a cloud of freezing vapour

Illustrated notes

Levels and vault maps discovered:
D:        dungeon_sprint_mu [sprint_mu_entry_forest, sprint_mu_temple_rooms,
          sprint_mu_d1_spiders, sprint_mu_d2_genie, sprint_mu_d3_branching,
          sprint_mu_orc_legion, sprint_mu_elf_gauntlet, sprint_mu_hive_nellie,
          sprint_mu_lair_fedhas, sprint_mu_vaults_butterflies,
          sprint_mu_slime_circle, sprint_mu_swamp_cave, sprint_mu_shoals_kraken,
          sprint_mu_blade_basic, sprint_mu_crypt_fortress,
          sprint_mu_tomb_spiral, sprint_mu_vestibule_basic,
          sprint_mu_gehenna_hellfire, sprint_mu_dis_giant,
          sprint_mu_tartarus_statrot, sprint_mu_cocytus_islands, sprint_mu_zot1]

Skill      XL: |  1  2  3  4  5  6  7  8  9 10 11 |
---------------+----------------------------------+-----
Fighting       | 3 4 5 7 8 9 12 13 14 | 14.5
Short Blades   | 5 6 9 10 11 14 | 14.0
Dodging        | 6 7 8 11 13 14 15 16 18 | 18.5
Stealth        | 3 10 12 14 15 17 19 | 19.7
Evocations     | 2 5 |  5.0
Throwing       | 5 8 |  8.7

Action                     |  1- 3 |  4- 6 |  7- 9 | 10-12 || total
---------------------------+-------+-------+-------+-------++-------
  Melee: Short sword       |    55 |    29 |    51 |    96 ||   231
         Rapier            |       |       |    12 |    39 ||    51
         Punch             |       |       |       |     2 ||     2
  Throw: Dart              |       |       |       |     8 ||     8
 Invoke: Trog's Hand       |       |     2 |     2 |     5 ||     9
         Berserk           |       |     1 |     1 |     2 ||     4
         Brothers in Arms  |       |       |       |     4 ||     4
  Evoke: Wand              |     2 |     4 |     3 |     1 ||    10
    Use: Potion            |     1 |     1 |       |     4 ||     6
         Scroll            |       |     2 |     4 |     1 ||     7
   Stab: Sleeping          |       |     1 |    11 |     8 ||    20
         Paralysed         |       |       |     1 |       ||     1
         Distracted        |       |       |       |     1 ||     1
 Armour: Animal skin       |     3 |       |       |       ||     3
         Robe              |     1 |     3 |     1 |     4 ||     9
  Dodge: Dodged            |    33 |    21 |    35 |   166 ||   255

Table legend: (Time is in decaauts)
 A = Elapsed time spent in this place.
 B = Non-inter-level travel time spent in this place.
 C = Inter-level travel time spent in this place.
 D = Time resting spent in this place.
 E = Time spent auto-exploring this place.
 F = Levels seen in this place.
 G = Mean time per level.
                   A        B        C        D        E       F      G
               +--------+--------+--------+--------+--------+-----+--------+
         Total |   1275 |   1275 |      0 |    515 |     16 |   1 | 1275.0 |
       Dungeon |   1275 |   1275 |      0 |    515 |     16 |   1 | 1275.0 |
               +--------+--------+--------+--------+--------+-----+--------+

Top non-repeatable levels by time:
       D: 1275 daAuts
